 Dungeon Crawl Stone Soup version 0.28-a0-1493-g08698888e4 (webtiles) character file.

Game seed: 10131270505272676476

474 horus123 the Destroyer (level 6, 0/32 HPs)
             Began as a Deep Elf Conjurer on Jan 12, 2022.
             Succumbed to a scorpion's poison
             ... on level 4 of the Dungeon.
             The game lasted 00:06:48 (4010 turns).

horus123 the Destroyer (Deep Elf Conjurer)          Turns: 4010, Time: 00:06:49

Health: 0/32       AC:  3    Str:  4    XL:     6   Next: 84%
Magic:  10/14      EV: 12    Int: 25    God:
Gold:   187        SH:  0    Dex: 13    Spells: 10/13 levels left

rFire   . . .      SeeInvis .   b - staff of death
rCold   . . .      Faith    .   (no shield)
rNeg    + . .      Spirit   .   a - +1 robe
rPois   .          Reflect  .   (no helmet)
rElec   .          Harm     .   (no cloak)
rCorr   .          Rampage  .   (no gloves)
Will    +....                   (no boots)
Stlth   ++........              (no amulet)
HPRegen 0.10/turn               i - ring of willpower
MPRegen 0.14/turn               (no ring)

@: lethally poisoned (0 -> -1)
A: no striking features
a: no special abilities


You were on level 4 of the Dungeon.
You visited 1 branch of the dungeon, and saw 5 of its levels.

You collected 187 gold pieces.

Inventory:

Missiles
 g - a throwing net
Armour
 a - a +1 robe (worn)
Magical Staves
 b - a staff of death (weapon)
Jewellery
 i - a ring of willpower (left hand)
 l - a ring of positive energy
Wands
 d - a wand of iceblast (8)
Scrolls
 e - a scroll of brand weapon
 f - 4 scrolls of amnesia
 j - 4 scrolls of teleportation
 k - a scroll of vulnerability {unknown}
Potions
 c - 2 potions of haste
 h - a potion of might
 m - a potion of attraction
 n - a potion of invisibility


   Skills:
 - Level 2.4 Dodging
 - Level 2.4 Stealth
 - Level 4.0 Spellcasting
 + Level 8.8 Conjurations


You had 10 spell levels left.
You knew the following spells:

 Your Spells              Type           Power      Damage    Failure   Level
a - Magic Dart            Conj           100%       1d8       1%          1
b - Searing Ray           Conj           98%        2d8       1%          2

Your spell library contained the following spells:

 Spells                   Type           Power      Damage    Failure   Level
 Dazzling Flash           Conj/Hex       54%        N/A       4%          3
 Fulminant Prism          Conj/Hex       13%        3d9       14%         4
 Iskenderun's Mystic Bla  Conj/Tloc      27%        2d7       14%         4


Dungeon Overview and Level Annotations

Branches:
Dungeon (5/15)
 Temple: D:4-7

Altars:
Ashenzari
Cheibriados
Qazlal

Shops:
D:1 :

Annotations:
D:3 2 transporters, backslashecho's ghost, amateur MiCA


Message History

Found a book of Unlife.
There is a stone staircase leading up here.
There are monsters nearby!
Casting: Magic Dart (safe; 1% risk of failure)
Confirm with . or Enter, or press ? or * to list all spells.
Aiming: Searing Ray (safe; 1% risk of failure)
Press: ? - help, Shift-Dir - straight line, f - scorpion
Aim: a scorpion (asleep, 100% to hit)
The searing ray hits the scorpion!
The scorpion is moderately wounded. (Press . to maintain the ray.)
The scorpion stings you.
You are poisoned.
The scorpion poisons you! The quokka bites you.
The searing ray hits the scorpion.
The scorpion is severely wounded.
You feel sick. The scorpion stings you. The quokka closely misses you.
The searing ray hits the scorpion.
The scorpion is almost dead.
You feel sick.
The scorpion stings you but does no damage.
The quokka bites you but does no damage.
The searing ray hits the scorpion.
You kill the scorpion!
You finish channelling your searing ray.
You feel sick. The water moccasin zombie bites you!
* * * LOW HITPOINT WARNING * * *
The quokka bites you.
* * * LOW HITPOINT WARNING * * *
The water moccasin zombie closely misses you.
* * * LOW HITPOINT WARNING * * *
You feel sick. The quokka closely misses you.
The water moccasin zombie closely misses you.
The quokka barely misses you.
You climb upwards.
* * * LOW HITPOINT WARNING * * *
You feel sick.
There is a stone staircase leading down here.
Okay, then.
You die...

#############.#
#........)....#
#.##########..# #.# #..#
#.# #..# ##### #.# #..#
....######.## #..#
###.........#########(.#
######........@>r....#
##...#########.## ##.##
#.# #.##########.#
#..........>.#
##############


You could see a quokka.

Vanquished Creatures
  Grinder (D:4)
  2 scorpions
  A water moccasin skeleton (D:4)
  9 adders
  A worm (D:3)
  An orc (D:4)
  3 ball pythons
  3 bats
  5 endoplasms
  3 hobgoblins
  7 kobolds
  A quokka (D:1)
  A frilled lizard (D:2)
  8 goblins
  5 rats
51 creatures vanquished.

Vanquished Creatures (others)
  4 toadstools (D:1)
4 creatures vanquished.

Grand Total: 55 creatures vanquished

Notes
Turn   | Place    | Note
-------+----------+-------------------------------------------
     0 | D:1      | horus123 the Deep Elf Conjurer began the quest for the Orb.
     0 | D:1      | Reached XP level 1. HP: 10/10 MP: 6/6
   283 | D:1      | Found Ecwiefui's Book Shop.
   438 | D:1      | Reached XP level 2. HP: 15/15 MP: 6/9
   568 | D:1      | Learned a level 2 spell: Searing Ray
  1050 | D:2      | Reached skill level 5 in Conjurations
  1050 | D:2      | Reached XP level 3. HP: 16/19 MP: 3/10
  1530 | D:2      | Found a faded altar of an unknown god.
  2146 | D:3      | Noticed backslashecho's ghost (amateur MiCA)
  2147 | D:3      | Found a transporter.
  2685 | D:3      | Found a transporter.
  2809 | D:4      | Reached XP level 4. HP: 24/24 MP: 7/12
  2952 | D:4      | Reached skill level 6 in Conjurations
  3089 | D:4      | Reached XP level 5. HP: 28/28 MP: 7/13
  3289 | D:4      | Found a stormy altar of Qazlal.
  3336 | D:4      | Reached skill level 7 in Conjurations
  3658 | D:4      | Noticed Grinder
  3667 | D:4      | Killed Grinder
  3668 | D:4      | Reached skill level 8 in Conjurations
  3668 | D:4      | Reached XP level 6. HP: 24/32 MP: 3/14
  3923 | D:4      | Found a snail-covered altar of Cheibriados.
  3926 | D:4      | Found a broken altar of Ashenzari.
  4003 | D:5      | Entered Level 5 of the Dungeon
  4009 | D:4      | HP: 1/32 [poisoned by a scorpion]
  4010 | D:4      | Succumbed to a scorpion's poison

Illustrated notes

Levels and vault maps discovered:
D:1:      ldierk_walled_garden_2, layout_loops_ring, serial_shops, shop
D:2:      layout_basic, hellmonk_ecumenical_altar_pennies_from_heaven,
          grunt_decor_fettered
D:3:      layout_basic, gammafunk_ghost_mausoleum,
          amcnicky_mini_rare_corridor_liquid, minmay_misc_feat_chi,
          kennysheep_generic_room_13
D:4:      layout_loops_ring, mainiacjoe_overflow_alcove_4, minitemple,
          uniq_grinder
D:5:      layout_rooms, nicolae_shop_self_help, uniq_sigmund, uniq_ijyb,
          uniq_duvessa

Skill      XL: |  1  2  3  4  5 |
---------------+----------------+-----
Spellcasting   | 4 |  4.0
Conjurations   | 5 6 8 |  8.8
Dodging        | |  2.4
Stealth        | |  2.4

Action                   |  1- 3 |  4- 6 || total
-------------------------+-------+-------++-------
 Cast: Magic Dart        |    66 |    29 ||    95
       Searing Ray       |     4 |     7 ||    11
  Use: Scroll            |     5 |     4 ||     9
Armor: Robe              |     1 |     3 ||     4
Dodge: Dodged            |     2 |     6 ||     8

Table legend: (Time is in decaauts)
 A = Elapsed time spent in this place.
 B = Non-inter-level travel time spent in this place.
 C = Inter-level travel time spent in this place.
 D = Time resting spent in this place.
 E = Time spent auto-exploring this place.
 F = Levels seen in this place.
 G = Mean time per level.
                   A        B        C        D        E       F      G
               +--------+--------+--------+--------+--------+-----+--------+
         Total |   4010 |   3875 |    135 |    382 |   3225 |   5 |  802.0 |
       Dungeon |   4010 |   3875 |    135 |    382 |   3225 |   5 |  802.0 |
               +--------+--------+--------+--------+--------+-----+--------+

Top non-repeatable levels by time:
     D:4: 1200 daAuts
     D:3: 1089 daAuts
     D:1: 908 daAuts
     D:2: 806 daAuts
     D:5: 5 daAuts
